 Dungeon Crawl Stone Soup version 0.31-a0-1074-g0b22e4e0f1 (webtiles) character file.

Game seed: 16355717172255989780

190 DApurpleWHUMPUS the Magician (level 5, -3/28 HPs)
             Began as a Deep Elf Summoner on Dec 8, 2023.
             Slain by Grinder (6 damage)
             ... while paralysed by Grinder
             ... on level 3 of the Dungeon.
             The game lasted 00:07:17 (2535 turns).

DApurpleWHUMPUS the Magician (Deep Elf Summoner)    Turns: 2535, Time: 00:07:18

Health: -3/28      AC:  2    Str:  5    XL:     5   Next: 41%
Magic:  3/14       EV:  2    Int: 22    God:
Gold:   174        SH:  0    Dex: 15    Spells: 11/14 levels left

rFire   . . .        r - +1 sling (flame)
rCold   . . .        m - orb {*Rage}
rNeg    . . .        a - +0 robe
rPois   .            (no helmet)
rElec   .            (no cloak)
rCorr   .            (no gloves)
SInv    .            (no boots)
Will    .....        (no amulet)
Stlth   ++           (no ring)
HPRegen 0.24/turn    (no ring)
MPRegen 0.14/turn

%: random rage (20%)
@: paralysed
A: no striking features
a: no special abilities


You were on level 3 of the Dungeon.
You visited 1 branch of the dungeon, and saw 3 of its levels.

You collected 174 gold pieces.

Inventory:

Hand Weapons
 r - a +1 sling of flaming (weapon)
Missiles
 t - 6 stones
 v - 2 throwing nets
Armour
 a - a +0 robe (worn)
 m - an orb of wrath (worn)
Jewellery
 g - a ring of poison resistance
 h - an amulet of magic regeneration
Scrolls
 e - a scroll of acquirement {unknown}
 i - a scroll of poison {unknown}
 k - 2 scrolls of identify {unknown}
 l - a scroll of brand weapon {unknown}
 n - a scroll of noise {unknown}
 o - 2 scrolls of enchant armour {unknown}
 q - a scroll of torment {unknown}
 u - a scroll of amnesia {unknown}
 w - a scroll of blinking {unknown}
Potions
 b - a potion of magic
 c - a potion of brilliance {unknown}
 d - a potion of mutation {unknown}
 f - a potion of invisibility {unknown}
 j - 3 potions of curing {unknown}
 p - a potion of enlightenment {unknown}
 s - a potion of ambrosia {unknown}
 x - a potion of lignification {unknown}


   Skills:
 - Level 2.4 Dodging
 - Level 2.4 Stealth
 + Level 5.0 Spellcasting
 - Level 4.7 Summonings
 * Level 4.2 Fire Magic


You had 11 spell levels left.
You knew the following spells:

 Your Spells              Type           Power      Damage    Failure   Level
a - Summon Small Mammal   Summ           100%       N/A       1%          1
b - Scorch                Fire           48%        2d7       2%          2

Your spell library contained the following spells:

 Spells                   Type           Power      Damage    Failure   Level
 Call Imp                 Summ           52%        N/A       2%          2
 Call Canine Familiar     Summ           26%        N/A       4%          3
 Summon Guardian Golem    Hex/Summ       16%        N/A       12%         3
 Summon Lightning Spire   Summ/Air       16%        N/A       36%         4
 Flame Wave               Conj/Fire      14%        2d6       38%         4
 Summon Cactus Giant      Summ           13%        N/A       91%         6


Dungeon Overview and Level Annotations

Branches:
Dungeon (3/15)

Altars:
Ashenzari

Shops:
D:3 :

Annotations:
D:3 2 transporters, Grinder; ShellytheWitch's ghost, amateur KoBr


Message History

Casting: Scorch (safe; 2% risk of failure)
Confirm with . or Enter, or press ? or * to list all spells.
Flames lash Grinder.
Grinder is lightly wounded.
Grinder's fire resistance burns away.
Casting: Scorch (safe; 2% risk of failure)
Confirm with . or Enter, or press ? or * to list all spells.
Flames lash Grinder.
Grinder is burned terribly!
Grinder is moderately wounded.
Grinder hits you.
Casting: Scorch (safe; 2% risk of failure)
Confirm with . or Enter, or press ? or * to list all spells.
Flames lash Grinder.
Grinder is burned terribly!
Grinder is heavily wounded.
Grinder hits you!
You writhe in agony.
Casting: Scorch (safe; 2% risk of failure)
Confirm with . or Enter, or press ? or * to list all spells.
Flames lash Grinder.
Grinder is burned terribly!
Grinder is severely wounded.
Grinder gestures at you.
You struggle to resist.
Casting: Scorch (safe; 2% risk of failure)
Confirm with . or Enter, or press ? or * to list all spells.
Flames lash Grinder.
Grinder is burned terribly!
Grinder is almost dead.
Grinder says, "FISH!"
Grinder gestures at you.
You suddenly lose the ability to move!
Grinder gestures at you.
You shrug off the repeated paralysis!
Grinder gestures at you.
You struggle to resist.
Grinder gestures at you. You resist with significant effort.
Your magical contamination has completely faded away.
Grinder hits you!
* * * LOW HITPOINT WARNING * * *
You writhe in agony.
You die...
Grinder says, "Now the real fun starts!"

#.# #.######......#
#.########.##..........#
................#......#
.†........#####.#####.##
#.######..#......### .#
....# ..#...#....# .
....# #...####.## #
....#..# .##+#..⌠#..##.#
.......# .......@......#
....#.#.#......5#.#.#..#
........ .......#...#..#
....+...+..._...+...# .#
....#...#.......#..... #
....# .##........#.##..
##... # ........ .. ..#
###. .##+##.⌠ .. .#


You could see Grinder (combustible).

Vanquished Creatures
  Jessica (D:2)
  Natasha (D:2)
  3 gnolls (D:3)
  3 adders
  2 worms
  An orc (D:3)
  4 bats
  A giant cockroach (D:2)
  2 hobgoblins
  2 kobolds
  A ball python (D:3)
  2 frilled lizards (D:3)
23 creatures vanquished.

Vanquished Creatures (collateral kills)
  Natasha (D:2)
  A ball python (D:1)
  3 endoplasms (D:1)
  2 giant cockroaches
  2 goblins (D:1)
  5 hobgoblins
  2 jackals (D:1)
  2 kobolds (D:1)
  4 quokkas (D:1)
  5 bats
  2 frilled lizards (D:1)
  2 rats (D:1)
31 creatures vanquished.

Grand Total: 54 creatures vanquished

Notes
Turn   | Place    | Note
-------+----------+-------------------------------------------
     0 | D:1      | DApurpleWHUMPUS the Deep Elf Summoner began the quest for
                  | the Orb.
     0 | D:1      | Reached XP level 1. HP: 10/10 MP: 6/6
   147 | D:1      | Reached XP level 2. HP: 15/15 MP: 5/8
   150 | D:1      | Learned a level 2 spell: Scorch
   501 | D:1      | Reached skill level 1 in Fire Magic
   704 | D:1      | Reached XP level 3. HP: 18/19 MP: 7/10
   992 | D:2      | Noticed Natasha
  1031 | D:2      | Killed Natasha
  1032 | D:2      | Reached skill level 4 in Spellcasting
  1198 | D:2      | Noticed Natasha
  1208 | D:2      | Killed Natasha
  1209 | D:2      | Reached XP level 4. HP: 24/24 MP: 0/12
  1544 | D:2      | Noticed Jessica
  1547 | D:2      | Killed Jessica
  1686 | D:2      | Found a faded altar of an unknown god.
  1880 | D:3      | Found a transporter.
  1882 | D:3      | Noticed ShellytheWitch's ghost (amateur KoBr)
  2051 | D:3      | Reached XP level 5. HP: 17/28 MP: 7/14
  2265 | D:3      | Found a transporter.
  2309 | D:3      | Reached skill level 5 in Spellcasting
  2464 | D:3      | Found Wavegrat's Book Shoppe.
  2522 | D:3      | Found a broken altar of Ashenzari.
  2525 | D:3      | Noticed Grinder
  2531 | D:3      | Paralysed by Grinder for 5 turns
  2535 | D:3      | Slain by Grinder

Illustrated notes

Levels and vault maps discovered:
D:1:      tekkud_arrival_beachfront_property, layout_basic
D:2:      layout_basic, hellmonk_ecumenical_altar_heavens_door,
          kennysheep_cluttered_room, uniq_jessica, uniq_natasha
D:3:      layout_rooms, evilmike_ruin_ashenzari, serial_shops, shop,
          gammafunk_ghost_arena, uniq_grinder

Skill      XL: |  1  2  3  4  5 |
---------------+----------------+-----
Fire Magic     | 1 3 4 |  4.2
Spellcasting   | 4 5 |  5.0
Dodging        | |  2.4
Stealth        | |  2.4
Summonings     | |  4.7

Action                     |  1- 3 |  4- 6 || total
---------------------------+-------+-------++-------
  Melee: Unarmed           |    27 |       ||    27
   Fire: Sling             |       |    15 ||    15
   Cast: Summon Small Mamm |    52 |    12 ||    64
         Scorch            |     6 |    31 ||    37
   Stab: Distracted        |     1 |       ||     1
 Armour: Robe              |    27 |     9 ||    36
  Dodge: Dodged            |    33 |     3 ||    36

Table legend: (Time is in decaauts)
 A = Elapsed time spent in this place.
 B = Non-inter-level travel time spent in this place.
 C = Inter-level travel time spent in this place.
 D = Time resting spent in this place.
 E = Time spent auto-exploring this place.
 F = Levels seen in this place.
 G = Mean time per level.
                   A        B        C        D        E       F      G
               +--------+--------+--------+--------+--------+-----+--------+
         Total |   2541 |   2490 |     51 |     52 |   1827 |   3 |  847.0 |
       Dungeon |   2541 |   2490 |     51 |     52 |   1827 |   3 |  847.0 |
               +--------+--------+--------+--------+--------+-----+--------+

Top non-repeatable levels by time:
     D:1: 901 daAuts
     D:2: 892 daAuts
     D:3: 747 daAuts
